 Dungeon Sprint DCSS version 0.30.1-11-g7821555f0a (webtiles) character file.

Game seed: 10519096739993253523

8777 Groucho the Unseen (level 11, -7/52 HPs)
             Began as a Spriggan Enchanter on Dec 8, 2023.
             Was a High Priest of Dithmenos.
             Mangled by a great orb of eyes (8 damage)
             ... while paralysed by a great orb of eyes
             ... in the Dungeon (Sprint II: "The Violet Keep of Menkaure").
             The game lasted 00:10:06 (705 turns).

Groucho the Unseen (Spriggan Enchanter)              Turns: 705, Time: 00:10:06

Health: -7/52      AC:  5    Str:  4    XL:     11   Next: 14%
Magic:  13/22      EV:  4    Int: 20    God:    Dithmenos [*****.]
Gold:   262        SH:  0    Dex: 19    Spells: 7/24 levels left

rFire   . . .        a - +1 dagger
rCold   . . .        (no shield)
rNeg    . . .        b - +0 robe
rPois   +            (helmet restricted)
rElec   .            f - +2 cloak of the Albatross {Dex+2 Stlth+}
rCorr   .            (gloves unavailable)
SInv    +            (boots unavailable)
Will    +....        (no amulet) Stlth **++++++++
                     k - ring of poison resistance
HPRegen 0.28/turn    l - ring of protection from fire
MPRegen 0.18/turn

%: no teleportation, random rage (3%)
@: paralysed, wreathed by umbra, very quick
A: very small, no large weapons, unfitting armour, see invisible, speed 3,
berserk 1, screaming 1, heat vulnerability 1
a: Renounce Religion, Shadow Step, Shadow Form


You were in the Dungeon.
You worshipped Dithmenos.
Dithmenos was extremely pleased with you.
You visited 1 branch You collected 1215 gold pieces.
You spent 953 gold pieces at shops.

Inventory:

Hand Weapons
 a - a +1 dagger (weapon)
Armour
 b - a +0 robe (worn)
 f - the +2 cloak of the Albatross (worn) {Dex+2 Stlth+}
   (You bought it in a shop in the Dungeon)

   Dex:       It affects your dexterity (+2).
   Stlth:     It makes you more stealthy.
 j - a +0 buckler
Jewellery
 k - a ring of poison resistance (left hand)
 l - a ring of protection from fire (right hand)
Potions
 c - 3 potions of flight
 e - a potion of heal wounds
 g - 2 potions of magic
 h - a potion of berserk rage


   Skills:
 - Level 3.0 Fighting
 - Level 10.0 Short Blades
 - Level 5.0 Dodging
 - Level 15.0 Stealth
 - Level 5.0 Shields
 - Level 7.0 Spellcasting
 - Level 5.0 Conjurations
 - Level 14.0 Hexes
 * Level 10.8 Fire Magic
 * Level 12.0 Air Magic


You had 7 spell levels left.
You knew the following spells:

 Your Spells              Type           Power      Damage    Failure   Level
a - Ensorcelled Hibernat  Hex/Ice        70%        N/A       1%          2
b - Confusing Touch       Hex            58%        N/A       1%          3
c - Dazzling Flash        Conj/Hex       90%        N/A       1%          3
d - Tukima's Dance        Hex            58%        N/A       1%          3
e - Plasma Beam           Fire/Air       26%        2x1d42    13%         6

Your spell library contained the following spells:

 Spells                   Type           Power      Damage    Failure   Level
 Vhi's Electric Charge    Tloc/Air       62%        N/A       2%          3
 Arcjolt                  Conj/Air       20%        1d30      8%          5


Dungeon Overview and Level Annotations

Branches:
Dungeon (1/1)

Altars:
Cheibriados
Dithmenos
Elyvilon
Fedhas
Gozag
Hepliaklqana
Kikubaaqudgha
Makhleb
Nemelex Xobeh
Okawaru
Qazlal
Ru
Sif Muna
Trog
Uskayaw
Vehumet
Wu Jian
Xom
Yredelemnul
Zin
The Shining One
Jiyva
Lugonu

Shops:
D :![!?[*:=!(=**:

Annotations:
D exclusion: oklob plant


Innate Abilities, Weirdness & Mutations

You are very small and have problems with some larger weapons.
You are too small for most types of armour.
You have supernaturally acute eyesight. (SInv)
You cover ground extremely quickly. (Speed+++)
You sometimes lose your temper in combat.
You occasionally shout uncontrollably at your foes.
You are vulnerable to heat. (rF-)


Message History

Unknown command.
Unknown command.
Unknown command.
You feel better.
You are starting to lose your buoyancy.
You flicker back into view.
The shining eye is no longer blind.
Casting: Dazzling Flash (safe; 1% risk of failure)
Confirm with . or Enter, or press ? or * to list all spells.
Casting: Dazzling Flash (safe; 1% risk of failure)
Press: ? - help, Dir - look around, f - activate The slime creature quivers.
The great orb of eyes gazes at you.
You easily resist.
Unknown command.
Unknown command.
Unknown command.
Casting: Dazzling Flash (safe; 1% risk of failure)
Confirm with . or Enter, or press ? or * to list all spells.
Casting: Dazzling Flash (safe; 1% risk of failure)
Press: ? - help, Dir - look around, f - activate The great orb of eyes is dazzled.
Unknown command.
Unknown command.
Unknown command.
Casting: Dazzling Flash (safe; 1% risk of failure)
Confirm with . or Enter, or press ? or * to list all spells.
Okay, then.
The great orb of eyes gazes at you.
You suddenly lose the ability to move!
The great orb of eyes bites you!
The great orb of eyes completely misses you.
The slime creature fails to trigger a net trap.
The great orb of eyes barely misses you.
The great orb of eyes is no longer blind.
The slime creature barely misses you. The great orb of eyes bites you!
* * * LOW HITPOINT WARNING * * *
You float gracefully downwards.
The slime creature hits you!
* * * LOW HITPOINT WARNING * * *
The great orb of eyes bites you!
You die...

###)=??##▓ #.$$?††..▓
#...).$.$▓ ##⌠?..J#+▓
##!G[?# ##''## #
##≈.J.### ## #)≈.GJG.###
~#+++ ####..@.#†## ~...
.. #.)'....#.†# ~~.##+
..#..####.#.†# ~~##.#
##.####..'÷##.#
~~#†###.# ...#..#...####
####.#.####..#####..##)#


()$?$ #.###'###.##..#.÷'..#..#▓)!$!?) .†.##.##...#..#.÷#..#††#▓!!!!?$)[
##.'†<.'.#.'..####^.##.#▓![[?$)$? You could see a great orb of eyes, 2 slime
creatures and 2 shining eyes.

Vanquished Creatures
  A deep elf master archer (D)
  A crystal guardian (D)
  An ice dragon (D)
  An iron elemental (D)
  2 death drakes (D)
  3 manticores (D)
  A merfolk siren (D)
  2 unseen horrors (D)
  A yaktaur (D)
  3 polar bears (D)
  A hornet (D)
  A blink frog (D)
  3 yaks (D)
  2 wyverns (D)
  4 water moccasins (D)
  2 swamp drakes (D)
  4 scorpions (D)
  3 worms (D)
36 creatures vanquished.

Vanquished Creatures (others)
  Menkaure (D)
  A water moccasin (D)
2 creatures vanquished.

Grand Total: 38 creatures vanquished

Notes
Turn   | Place    | Note
-------+----------+-------------------------------------------
     0 | D        | Groucho the Spriggan Enchanter began the quest for the Orb.
     0 | D        | Reached XP level 1. HP: 9/9 MP: 5/5
     3 | D        | Noticed a wyvern
     3 | D        | Noticed a wyvern
     6 | D        | Noticed a merfolk siren
     9 | D        | Noticed a scorpion
     9 | D        | Noticed a scorpion
     9 | D        | Noticed a scorpion
     9 | D        | Noticed a scorpion
    13 | D        | Killed a scorpion
    14 | D        | Reached skill level 7 in Stealth
    14 | D        | Reached skill level 5 in Hexes
    14 | D        | Reached XP level 2. HP: 16/16 MP: 6/8
    14 | D        | Reached XP level 3. HP: 20/20 MP: 6/9
    20 | D        | Killed a scorpion
    21 | D        | Reached skill level 5 in Short Blades
    21 | D        | Reached skill level 10 in Stealth
    21 | D        | Reached XP level 4. HP: 24/24 MP: 7/11
    38 | D        | Killed a scorpion
    39 | D        | Reached skill level 13 in Stealth
    39 | D        | Reached XP level 5. HP: 25/28 MP: 8/12
    46 | D        | Reached skill level 15 in Stealth
    49 | D        | Learned a level 2 spell: Ensorcelled Hibernation
    53 | D        | Learned a level 3 spell: Confusing Touch
    53 | D        | Killed Menkaure
    57 | D        | Learned a level 3 spell: Dazzling Flash
    61 | D        | Learned a level 3 spell: Tukima's Dance
    81 | D        | Killed a merfolk siren
    82 | D        | Reached XP level 6. HP: 32/32 MP: 13/17
    82 | D        | Reached XP level 7. HP: 36/36 MP: 13/18
    90 | D        | Killed a wyvern
    91 | D        | Reached skill level 5 in Conjurations
    91 | D        | Reached skill level 10 in Hexes
    94 | D        | Killed a wyvern
    95 | D        | Reached skill level 5 in Dodging
   115 | D        | Found Sorchy's General Store.
   116 | D        | Found Qimnohav's Jewellery Emporium.
   116 | D        | Found Peosh's Magic Scroll Shoppe.
   116 | D        | Found Titi Luriyh's Book Shoppe.
   116 | D        | Found Cinom's Antique Weapon Shoppe.
   116 | D        | Found Ariwke's Distillery.
   116 | D        | Found Lijouwk's Assorted Antiques.
   116 | D        | Found Coness's General Store.
   116 | D        | Found Gixkiud's Book Shoppe.
   116 | D        | Found Jaudosus's Distillery.
   120 | D        | Found Yssumyaps's Antique Armour Shoppe.
   120 | D        | Found Semmi's Jewellery Shoppe.
   120 | D        | Found Reuliok's Antique Armour Emporium.
   120 | D        | Found Padiss's Distillery.
   122 | D        | Noticed an oklob plant
   123 | D        | Found Xanuj's Book Shoppe.
   124 | D        | Noticed a redback
   126 | D        | Noticed a redback
   137 | D        | Noticed a fire dragon
   146 | D        | Bought a scorched cloak for 171 gold pieces
   146 | D        | Identified the +2 cloak of the Albatross {Dex+2 Stlth+}
                  | (You bought it in a shop in the Dungeon)
   146 | D        | Bought a buckler for 81 gold pieces
   183 | D        | Noticed a blink frog
   185 | D        | Killed a blink frog
   186 | D        | Reached XP level 8. HP: 40/40 MP: 19/19
   199 | D        | Bought a ring of protection from fire for 325 gold pieces
   209 | D        | Bought a book of Lightning for 340 gold pieces
   216 | D        | Learned a level 6 spell: Plasma Beam
   229 | D        | Bought a potion of flight for 36 gold pieces
   250 | D        | Found a stormy altar of Qazlal.
   251 | D        | Found a hazy altar of Hepliaklqana.
   251 | D        | Found a sacrificial altar of Ru.
   251 | D        | Found an ornate altar of the Wu Jian Council.
   252 | D        | Found a viscous altar of Jiyva.
   252 | D        | Found a shimmering blue altar of Sif Muna.
   253 | D        | Found a snail-covered altar of Cheibriados.
   253 | D        | Found an ancient bone altar of Kikubaaqudgha.
   253 | D        | Found a shimmering altar of Xom.
   253 | D        | Found a bloodstained altar of Trog.
   254 | D        | Found a shadowy altar of Dithmenos.
   254 | D        | Found a corrupted altar of Lugonu.
   255 | D        | Found a white marble altar of Elyvilon.
   255 | D        | Found a burning altar of Makhleb.
   256 | D        | Found a blossoming altar of Fedhas.
   258 | D        | Found an opulent altar of Gozag.
   258 | D        | Found a glowing golden altar of the Shining One.
   258 | D        | Found a basalt altar of Yredelemnul.
   258 | D        | Found a hide-covered altar of Uskayaw.
   258 | D        | Found a sparkling altar of Nemelex Xobeh.
   259 | D        | Found a glowing silver altar of Zin.
   259 | D        | Found a radiant altar of Vehumet.
   259 | D        | Found an iron altar of Okawaru.
   266 | D        | Became a worshipper of Dithmenos the Shadowed
   278 | D        | Reached skill level 1 in Fire Magic
   278 | D        | Reached skill level 1 in Air Magic
   280 | D        | Reached * piety under Dithmenos
   294 | D        | Reached ** piety under Dithmenos
   300 | D        | Noticed a deep elf master archer
   303 | D        | Noticed an unseen horror
   303 | D        | Noticed an unseen horror
   306 | D        | Killed an unseen horror
   307 | D        | Reached skill level 5 in Air Magic
   307 | D        | Reached XP level 9. HP: 42/44 MP: 12/20
   308 | D        | Killed an unseen horror
   309 | D        | Reached skill level 5 in Fire Magic
   622 | D        | Killed a deep elf master archer
   632 | D        | Noticed a death drake
   633 | D        | Noticed a death drake
   633 | D        | Noticed a crystal guardian
   634 | D        | Reached *** piety under Dithmenos
   636 | D        | Killed a crystal guardian
   637 | D        | Reached skill level 5 in Shields
   637 | D        | Reached XP level 10. HP: 49/49 MP: 21/21
   638 | D        | Killed a death drake
   640 | D        | Killed a death drake
   640 | D        | Reached **** piety under Dithmenos
   657 | D        | Reached ***** piety under Dithmenos
   658 | D        | Reached skill level 10 in Air Magic
   676 | D        | Noticed a shining eye
   676 | D        | Noticed a manticore
   676 | D        | Noticed a shining eye
   676 | D        | Noticed a shining eye
   676 | D        | Noticed a great orb of eyes
   676 | D        | Noticed a manticore
   676 | D        | Noticed an iron elemental
   676 | D        | Noticed an ice dragon
   677 | D        | Noticed a manticore
   679 | D        | Killed an iron elemental
   680 | D        | Reached skill level 10 in Short Blades
   680 | D        | Killed an ice dragon
   681 | D        | Reached skill level 10 in Fire Magic
   682 | D        | Killed a manticore
   683 | D        | Reached XP level 11. HP: 52/52 MP: 22/22
   686 | D        | Gained mutation: You occasionally shout uncontrollably at
                  | your foes. [a shining eye]
   690 | D        | Gained mutation: You are vulnerable to heat. (rF-) [a
                  | shining eye]
   691 | D        | Gained mutation: You sometimes lose your temper in combat.
                  | [a shining eye]
   692 | D        | Paralysed by a great orb of eyes for 5 turns
   700 | D        | Paralysed by a great orb of eyes for 5 turns
   705 | D        | HP: 1/52 [slime creature (8)]
   705 | D        | Mangled by a great orb of eyes

Illustrated notes

Levels and vault maps discovered:
D:        the_violet_keep_of_menkaure [sprint2_stairs_cluster_1,
          sprint2_shoproom, sprint2_temple, sprint2_basic_supplies,
          sprint2_obstacle_2, sprint2_obstacle_6, sprint2_obstacle_7,
          sprint2_obstacle_4, sprint2_obstacle_5, sprint2_timed_cluster_1,
          sprint2_smallroom_cluster_1, sprint2_smallroom_final_cluster_1,
          sprint2_transparent_cluster_1, sprint2_second_timed_cluster_1,
          sprint2_sniper_area_1, sprint2_heavy_combat_area_1,
          sprint2_mutation_trap_area_1, sprint2_forest_area_1,
          sprint2_light_combat_area_1, sprint2_behind_water_1,
          sprint2_near_end_vault_1]

Skill      XL: |  1  2  3  4  5  6  7  8  9 10 11 |
---------------+----------------------------------+-----
Fighting       | 3 |  3.0
Short Blades   | 3 5 6 8 10 | 10.0
Stealth        | 7 10 13 15 | 15.0
Spellcasting   | 4 7 |  7.0
Hexes          | 5 8 12 13 14 | 14.0
Conjurations   | 4 5 |  5.0
Dodging        | 5 |  5.0
Shields        | 2 3 5 |  5.0
Fire Magic     | 4 7 10 | 10.8
Air Magic      | 5 8 11 12 | 12.0

Action                     |  1- 3 |  4- 6 |  7- 9 | 10-12 || total
---------------------------+-------+-------+-------+-------++-------
  Melee: Dagger            |     8 |    23 |    16 |    17 ||    64
   Cast: Ensorcelled Hiber |       |       |     8 |       ||     8
         Dazzling Flash    |       |       |       |     4 ||     4
    Use: Potion            |     2 |       |     2 |     1 ||     5
         Scroll            |       |       |       |     1 ||     1
   Stab: Sleeping          |     2 |     3 |    16 |    13 ||    34
         Invisible         |     1 |     2 |       |     1 ||     4
 Armour: Robe              |       |       |     1 |       ||     1
  Dodge: Dodged            |     2 |     8 |     5 |     8 ||    23
